PL
WIZARDING EXPRESS @ AUSTIN RANGERS
07/21/2028
 
TOP OF THE 1ST
Wizarding Express batting - Pitching for Austin Rangers : RHP Juan Valéncia
Pitching: RHP Juan Valéncia
Batting: RHB António Martínez 0-0: Ball
1-0: Ground out 5-3 (Groundball, 5S)
Batting: LHB Ignacio Medine 0-0: Ball
1-0: SINGLE (Groundball, 34D)
Batting: SHB Salvador Trevino 0-0: Ball
1-0: Ball
2-0: Foul Ball, location: 2F
2-1: Ball
3-1: Fly out, F9 (Flyball, 9)
Batting: LHB Nathan Tanner 0-0: Ball
1-0: Called Strike
1-1: Fly out, F5 (Popup, 56S)
Top of the 1st over - 0 run(s), 1 hit(s), 0 error(s), 1 left on base; Wizarding 0 - Austin 0
BOTTOM OF THE 1ST
Austin Rangers batting - Pitching for Wizarding Express : RHP Ralph McKinney
Pitching: RHP Ralph McKinney
Batting: RHB Miguel Morán 0-0: Ball
1-0: Ground out 6-3 (Groundball, 56)
Batting: RHB Yoshihito Samurakami 0-0: Ball
1-0: Called Strike
1-1: SINGLE (Flyball, 89S)
Batting: LHB Count Dante 0-0: Called Strike
0-1: Ball
1-1: Foul Ball, location: 2F
1-2: Ball
2-2: Ball
3-2: Strikes out swinging
Batting: LHB Yun Yen 0-0: Ball
1-0: Called Strike
1-1: Foul Ball, location: 2F
1-2: Foul Ball, location: 2F
1-2: Ball
2-2: Ball
3-2: Foul Ball, location: 2F
3-2: Fly out, F3 (Popup, 3L)
Bottom of the 1st over - 0 run(s), 1 hit(s), 0 error(s), 1 left on base; Wizarding 0 - Austin 0
TOP OF THE 2ND
Wizarding Express batting - Pitching for Austin Rangers : RHP Juan Valéncia
Batting: SHB Fernando Sánchez 0-0: Fly out, F9 (Flyball, 9LS)
Batting: LHB David Breitling 0-0: Swinging Strike
0-1: Fly out, F8 (Flyball, 8RXD)
Batting: RHB Steve Dunn 0-0: Ball
1-0: Ground out 6-3 (Groundball, 6)
Top of the 2nd over - 0 run(s), 0 hit(s), 0 error(s), 0 left on base; Wizarding 0 - Austin 0
BOTTOM OF THE 2ND
Austin Rangers batting - Pitching for Wizarding Express : RHP Ralph McKinney
Batting: LHB Jesús Reyes 0-0: Ball
1-0: Ball
2-0: Ball
3-0: Called Strike
3-1: Swinging Strike
3-2: Strikes out looking
Batting: RHB Tony Hernández 0-0: Ball
1-0: Ball
2-0: Foul Ball, location: 2F
2-1: Ball
3-1: Foul Ball, location: 2F
3-2: Foul Ball, location: 2F
3-2: Base on Balls
Batting: LHB Héctor Cortéz 0-0: Ball
1-0: Ground out 5-3 (Groundball, 2L)
Tony Hernández to second
Batting: RHB Matt Sheppard 0-0: Called Strike
0-1: Ball
1-1: DOUBLE (Groundball, 5L)
Tony Hernández scores
Batting: RHB Freddy Torres 0-0: Ground out 1-3 (Groundball, P)
Bottom of the 2nd over - 1 run(s), 1 hit(s), 0 error(s), 1 left on base; Wizarding 0 - Austin 1
TOP OF THE 3RD
Wizarding Express batting - Pitching for Austin Rangers : RHP Juan Valéncia
Batting: RHB Cole Shaffer 0-0: Called Strike
0-1: Ball
1-1: Ball
2-1: Ball
3-1: Swinging Strike
3-2: Base on Balls
Batting: LHB José Corona 0-0: Ball
1-0: SINGLE (Groundball, 6MD)
Cole Shaffer to second
Runner from 2nd tries for 3rd, SAFE, no throw
Batting: RHB António Martínez 0-0: Swinging Strike
0-1: Foul Ball, location: 2F
0-2: Ground out 5-3 (Groundball, 56S)
Cole Shaffer scores
José Corona to second
Batting: LHB Ignacio Medine 0-0: Ball
1-0: Ball
2-0: Ground out 4-3 (Groundball, 4)
José Corona to third
Batting: SHB Salvador Trevino 0-0: Called Strike
0-1: Ball
1-1: Ground out 4-3 (Groundball, 4)
Top of the 3rd over - 1 run(s), 1 hit(s), 0 error(s), 1 left on base; Wizarding 1 - Austin 1
BOTTOM OF THE 3RD
Austin Rangers batting - Pitching for Wizarding Express : RHP Ralph McKinney
Batting: RHB Miguel Morán 0-0: Ball
1-0: Called Strike
1-1: Foul Ball, location: 2F
1-2: Ball
2-2: SINGLE (Groundball, 34D)
Batting: RHB Yoshihito Samurakami 0-0: Called Strike
0-1: Ball
1-1: Called Strike
1-2: Fly out, F4 (Popup, 4D)
Batting: LHB Count Dante 0-0: Called Strike
Miguel Morán steals 2nd base
0-1: Ball
1-1: Ball
2-1: Ball
3-1: Base on Balls
Batting: LHB Yun Yen 0-0: Called Strike
Miguel Morán steals 3rd base
Count Dante to second
0-1: Ball
1-1: Fly out, F4 (Popup, 34D)
Batting: LHB Jesús Reyes 0-0: Called Strike
0-1: Ball
1-1: Ball
2-1: Fly out, F9 (Line Drive, 9D)
Bottom of the 3rd over - 0 run(s), 1 hit(s), 0 error(s), 2 left on base; Wizarding 1 - Austin 1
TOP OF THE 4TH
Wizarding Express batting - Pitching for Austin Rangers : RHP Juan Valéncia
Batting: LHB Nathan Tanner 0-0: Swinging Strike
0-1: Called Strike
0-2: Foul Ball, location: 2F
0-2: Ball
1-2: Ball
2-2: Foul Ball, location: 2F
2-2: Ball
3-2: Base on Balls
Batting: SHB Fernando Sánchez 0-0: Ball
1-0: Ball
2-0: Swinging Strike
2-1: Foul Ball, location: 2F
2-2: Ball
3-2: Fly out, F3 (Flyball, 3D)
Batting: LHB David Breitling 0-0: Called Strike
0-1: Foul Ball, location: 2F
0-2: Fly out, F9 (Flyball, 9S)
Batting: RHB Steve Dunn 0-0: Ball
1-0: Called Strike
1-1: Ball
2-1: Called Strike
Nathan Tanner steals 2nd base
2-2: Strikes out looking
Top of the 4th over - 0 run(s), 0 hit(s), 0 error(s), 1 left on base; Wizarding 1 - Austin 1
BOTTOM OF THE 4TH
Austin Rangers batting - Pitching for Wizarding Express : RHP Ralph McKinney
Batting: RHB Tony Hernández 0-0: Called Strike
0-1: Ball
1-1: Foul Ball, location: 2F
1-2: Ball
2-2: Fly out, F8 (Line Drive, 8RS)
Batting: LHB Héctor Cortéz 0-0: Ball
1-0: Ball
2-0: Called Strike
2-1: Swinging Strike
2-2: Ground out 6-3 (Groundball, 6)
Batting: RHB Matt Sheppard 0-0: Called Strike
0-1: SINGLE (Line Drive, 6MD)
Batting: RHB Freddy Torres 0-0: Called Strike
0-1: Ball
1-1: Called Strike
1-2: Strikes out swinging, 2-3 out at first.
Bottom of the 4th over - 0 run(s), 1 hit(s), 0 error(s), 1 left on base; Wizarding 1 - Austin 1
TOP OF THE 5TH
Wizarding Express batting - Pitching for Austin Rangers : RHP Juan Valéncia
Batting: RHB Cole Shaffer 0-0: Called Strike
0-1: Called Strike
0-2: Foul Ball, location: 2F
0-2: Ball
1-2: Ground out 1-3 (Groundball, P)
Batting: LHB José Corona 0-0: Ball
1-0: Ball
2-0: Called Strike
2-1: Foul Ball, location: 2F
2-2: Foul Ball, location: 2F
2-2: Ball
3-2: Fly out, F8 (Flyball, 8LM)
Batting: RHB António Martínez 0-0: Ball
1-0: Ball
2-0: Called Strike
2-1: Swinging Strike
2-2: Ball
3-2: SINGLE (Flyball, 8LS)
Batting: LHB Ignacio Medine 0-0: Ball
1-0: Swinging Strike
1-1: Ball
2-1: Ball
António Martínez steals 2nd base
3-1: Called Strike
3-2: Strikes out swinging
Top of the 5th over - 0 run(s), 1 hit(s), 0 error(s), 1 left on base; Wizarding 1 - Austin 1
BOTTOM OF THE 5TH
Austin Rangers batting - Pitching for Wizarding Express : RHP Ralph McKinney
Batting: RHB Miguel Morán 0-0: Foul Ball, location: 2F
0-1: Ball
1-1: Ball
2-1: Fly out, F9 (Flyball, 9S)
Batting: RHB Yoshihito Samurakami 0-0: Called Strike
0-1: Ground out 6-3 (Groundball, 6)
Batting: LHB Count Dante 0-0: Ball
1-0: Ball
2-0: Foul Ball, location: 2F
2-1: DOUBLE (Line Drive, 78D)
Batting: LHB Yun Yen 0-0: Called Strike
0-1: Called Strike
0-2: Strikes out looking
Bottom of the 5th over - 0 run(s), 1 hit(s), 0 error(s), 1 left on base; Wizarding 1 - Austin 1
TOP OF THE 6TH
Wizarding Express batting - Pitching for Austin Rangers : RHP Juan Valéncia
Batting: SHB Salvador Trevino 0-0: Ball
1-0: Ball
2-0: Ball
3-0: Called Strike
3-1: Called Strike
3-2: Ground out U3 (Groundball, 34)
Batting: LHB Nathan Tanner 0-0: Ball
1-0: Called Strike
1-1: Ground out 6-3 (Groundball, 6)
Batting: SHB Fernando Sánchez 0-0: SOLO HOME RUN (Flyball, 9D), Distance : 398 ft
Batting: LHB David Breitling 0-0: Called Strike
0-1: Called Strike
0-2: Ball
1-2: Strikes out swinging
Top of the 6th over - 1 run(s), 1 hit(s), 0 error(s), 0 left on base; Wizarding 2 - Austin 1
BOTTOM OF THE 6TH
Austin Rangers batting - Pitching for Wizarding Express : RHP Ralph McKinney
Batting: LHB Jesús Reyes 0-0: Ball
1-0: Swinging Strike
1-1: Foul Ball, location: 2F
1-2: Foul Ball, location: 2F
1-2: Ball
2-2: Ball
3-2: Strikes out looking
Pitching: LHP Dorian Daly
Batting: RHB Tony Hernández 0-0: Called Strike
0-1: Foul Ball, location: 2F
0-2: Ball
1-2: Ball
2-2: Strikes out swinging
Batting: LHB Héctor Cortéz 0-0: Foul Ball, location: 2F
0-1: Ball
1-1: Foul Ball, location: 2F
1-2: Foul Ball, location: 2F
1-2: SINGLE (Groundball, 2R) (infield hit)
Batting: RHB Matt Sheppard 0-0: Ball
1-0: 2-RUN HOME RUN (Flyball, 7D), Distance : 378 ft
Batting: RHB Freddy Torres 0-0: Fly out, F5 (Popup, 5S)
Bottom of the 6th over - 2 run(s), 2 hit(s), 0 error(s), 0 left on base; Wizarding 2 - Austin 3
TOP OF THE 7TH
Wizarding Express batting - Pitching for Austin Rangers : RHP Juan Valéncia
Batting: RHB Steve Dunn 0-0: Swinging Strike
0-1: Swinging Strike
0-2: Ball
1-2: Foul Ball, location: 2F
1-2: Foul Ball, location: 2F
1-2: Ball
2-2: Fly out, F6 (Popup, 6MS)
Batting: RHB Cole Shaffer 0-0: Swinging Strike
0-1: Foul Ball, location: 2F
0-2: Ball
1-2: Ball
2-2: Ground out 5-3 (Groundball, 5)
Batting: LHB José Corona 0-0: Swinging Strike
0-1: Foul Ball, location: 2F
0-2: SINGLE (Line Drive, 7LS)
Pitching: LHP Alfonso Zapata
Batting: RHB António Martínez 0-0: Called Strike
José Corona steals 2nd base
0-1: Swinging Strike
0-2: Fly out, F7 (Flyball, 7D)
Top of the 7th over - 0 run(s), 1 hit(s), 0 error(s), 1 left on base; Wizarding 2 - Austin 3
BOTTOM OF THE 7TH
Austin Rangers batting - Pitching for Wizarding Express : LHP Dorian Daly
Pitching: RHP Enrico Reséndez
Batting: RHB Miguel Morán 0-0: Ball
1-0: Called Strike
1-1: Foul Ball, location: 2F
1-2: Strikes out swinging
Pitching: RHP Juan Cantú
Batting: RHB Yoshihito Samurakami 0-0: Swinging Strike
0-1: Called Strike
0-2: Ball
1-2: Strikes out swinging
Batting: LHB Count Dante 0-0: Ball
1-0: Ball
2-0: DOUBLE (Line Drive, 7LD)
Batting: LHB Yun Yen 0-0: Foul Ball, location: 2F
0-1: Ball
1-1: Ball
2-1: Swinging Strike
2-2: Foul Ball, location: 2F
2-2: Strikes out looking
Bottom of the 7th over - 0 run(s), 1 hit(s), 0 error(s), 1 left on base; Wizarding 2 - Austin 3
TOP OF THE 8TH
Wizarding Express batting - Pitching for Austin Rangers : LHP Alfonso Zapata
Batting: LHB Ignacio Medine 0-0: Ball
1-0: Ball
2-0: Ground out 6-3 (Groundball, 6S)
Batting: SHB Salvador Trevino 0-0: Ball
1-0: Foul Ball, location: 2F
1-1: Ball
2-1: Ball
3-1: Foul Ball, location: 2F
3-2: Ground out 1-3 (Groundball, 13S)
Batting: LHB Nathan Tanner 0-0: Swinging Strike
0-1: Ball
1-1: Called Strike
1-2: Strikes out swinging
Top of the 8th over - 0 run(s), 0 hit(s), 0 error(s), 0 left on base; Wizarding 2 - Austin 3
BOTTOM OF THE 8TH
Austin Rangers batting - Pitching for Wizarding Express : RHP Juan Cantú
Batting: LHB Jesús Reyes 0-0: Ball
1-0: Ball
2-0: Ball
3-0: Base on Balls
Batting: RHB Tony Hernández 0-0: Bunted foul
0-1: Sac Bunt - play at first, batter OUT! 2-4
Jesús Reyes to second
Batting: LHB Héctor Cortéz 0-0: Called Strike
0-1: Foul Ball, location: 2F
0-2: Foul Ball, location: 2F
0-2: Ball
1-2: Foul Ball, location: 2F
1-2: Ball
2-2: Foul Ball, location: 2F
2-2: Ball
Passed Ball!
Jesús Reyes to third
3-2: Foul Ball, location: 2F
3-2: Base on Balls
Pinch Hitting: SHB Xavier Vásquez 0-0: Ball
1-0: Foul Ball, location: 2F
1-1: Ball
2-1: Ball
3-1: Foul Ball, location: 2F
3-2: Strikes out looking
Pinch Hitting: SHB Ricardo Pérez 0-0: Called Strike
0-1: Ball
1-1: Ball
2-1: Called Strike
2-2: Ball
3-2: Base on Balls
Héctor Cortéz to second
Batting: RHB Miguel Morán 0-0: DOUBLE (Flyball, 8LXD)
Jesús Reyes scores
Héctor Cortéz scores
Ricardo Pérez to third
Pitching: LHP Ming-jiang Wu
Batting: RHB Yoshihito Samurakami 0-0: DOUBLE (Line Drive, 7LD)
Ricardo Pérez scores
Miguel Morán scores
Batting: LHB Count Dante 0-0: Ball
1-0: Foul Ball, location: 2F
1-1: Foul Ball, location: 2F
1-2: SINGLE (Groundball, P) (infield hit)
Yoshihito Samurakami to third
Batting: LHB Yun Yen 0-0: Ball
1-0: Called Strike
1-1: Swinging Strike
1-2: Foul Ball, location: 2F
1-2: Fly out, F8 (Flyball, 8LM)
Bottom of the 8th over - 4 run(s), 3 hit(s), 0 error(s), 2 left on base; Wizarding 2 - Austin 7
TOP OF THE 9TH
Wizarding Express batting - Pitching for Austin Rangers : LHP Alfonso Zapata
Pitching: RHP Júlio Rodríguez
Now at 3B: Carlos Kramer
Now at SS: Xavier Vásquez
Batting: SHB Fernando Sánchez 0-0: Called Strike
0-1: Called Strike
0-2: Strikes out looking
Batting: LHB David Breitling 0-0: Called Strike
0-1: Ball
1-1: Called Strike
1-2: Foul Ball, location: 2F
1-2: Strikes out swinging
Batting: RHB Steve Dunn 0-0: Swinging Strike
0-1: Foul Ball, location: 2F
0-2: Ball
1-2: Foul Ball, location: 2F
1-2: Strikes out looking
Top of the 9th over - 0 run(s), 0 hit(s), 0 error(s), 0 left on base; Wizarding 2 - Austin 7
Thursday, August 17th, 2017 - OOTP Baseball 17.12 Build 75